[Event "British Championship 2024"]
[Site "Hull"]
[Date "2024.07.31"]
[Round "2.10"]
[White "Wadsworth, Matthew J"]
[Black "Pein, Malcolm"]
[Result "1-0"]
[Annotator "TA"]
[ECO "A59"]
[WhiteElo "2467"]
[BlackElo "2274"]
[PlyCount "77"]
[EventDate "2024.07.31"]
[EventCountry "GBR"]
[SourceTitle "playchess.com"]
[Source "ChessBase"]
[SourceQuality "1"]
[TimeControl "40/5400+30:1800+30"]

1. d4 Nf6 2. c4 c5 3. d5 b5 4. cxb5 a6 5. bxa6 g6 6. Nc3 Bxa6 7. e4 Bxf1 8. Kxf1 d6 9. Nf3 Bg7 10. g3 O-O 11. Kg2 Nbd7 12. a4 Qb6 13. Qc2 Rfb8 14. Nb5 Ne8 15. Nd2 Nc7 {[%emt 0:06:21] White is better.} 16. Nc4 Qb7 17. Nxc7 Qxc7 18. a5 {[%emt 0:01:06] Repels Nb6} Qb7 19. Ra3 {[%emt 0:07:14] Against Qb3} Ra7 20. Bd2 f5 21. Bg5 (21. exf5 Qxd5+ 22. f3 Qxf5 23. Qxf5 gxf5 $17) 21... Ne5 22. Nb6 (22. exf5 $2 Qxd5+ 23. Kh3 Qxc4 $19 (23... Qxh1 $2 24. Nxe5 Bxe5 25. fxg6 $19) (23... Nxc4 $2 24. Ra2 $19)) 22... Nd7 (22... e6 $16 {was worth a try.}) 23. Bxe7 $18 (23. exf5 Nxb6 24. axb6 Rxa3 (24... Qxd5+ 25. Rf3 $15) 25. bxa3 Qxd5+ 26. f3 Rxb6 $15 (26... gxf5 $2 27. Rb1 $18)) 23... Nxb6 24. Bxd6 Re8 (24... Nd7) 25. axb6 Rxa3 26. bxa3 fxe4 (26... Qxb6 $142 27. Bxc5 (27. Qxc5 Qxc5 28. Bxc5 fxe4 $18) 27... Qb7) 27. Qxc5 Qf7 28. Re1 ({Not} 28. Bf4 g5 $16) 28... Qf3+ 29. Kg1 e3 30. fxe3 Bf8 31. b7 {[%emt 0:01:33] [#] White threatens Qc8 and mate.} Bxd6 32. Qxd6 {[%emt 0:00:12][%mdl 4096] Endgame. KQR-KQR} Rf8 33. Qe6+ (33. b8=B $2 Qf2+ 34. Kh1 Qxe1+ 35. Kg2 Qf1#) 33... Kg7 34. Qe5+ Kh6 35. Qb2 (35. b8=B $2 {is a self mate.} Qf2+ 36. Kh1 Qxe1+ 37. Kg2 Qf1#) 35... Rb8 36. e4 {[%emt 0:00:31] [#] White wants to mate with Qc1+.} Qf7 37. Rb1 Qf3 38. Qd2+ g5 39. Qd4 {[%emt 0:00:49] Weighted Error Value: White=0.05 (flawless) /Black=0.56.  Mistake:       	---       	Black=3      Inaccurate:     	---       	Black=1      OK:         	White=8     	Black=5      Best:        	White=2     	---} 1-0

[Event "British Championship 2024"]
[Site "Hull"]
[Date "2024.07.31"]
[Round "2.11"]
[White "Kalavannan, Koby"]
[Black "Williams, Simon K"]
[Result "1/2-1/2"]
[Annotator "TA"]
[ECO "C01"]
[WhiteElo "2265"]
[BlackElo "2450"]
[PlyCount "35"]
[EventDate "2024.07.31"]
[EventCountry "GBR"]
[SourceTitle "playchess.com"]
[Source "ChessBase"]
[SourceQuality "1"]
[TimeControl "40/5400+30:1800+30"]

1. d4 e6 2. e4 d5 3. exd5 exd5 4. Nf3 Nf6 5. Bd3 Bg4 6. O-O Be7 7. Re1 O-O 8. h3 Bh5 9. Bf4 Nc6 10. c3 Bd6 11. Bxd6 Qxd6 12. Nbd2 Rfe8 13. Qb3 b6 14. Bb5 Rxe1+ 15. Rxe1 Bxf3 16. Bxc6 Qxc6 17. Nxf3 Re8 18. Re5 {[%emt 0:05:21] Weighted Error Value: White=0.08 (flawless) /Black=0.03 (flawless) .  Inaccurate:     	White=1     	---        OK:         	White=5     	Black=4} 1/2-1/2

[Event "British Championship 2024"]
[Site "Hull"]
[Date "2024.07.31"]
[Round "2.12"]
[White "Van Zyl-Rudd, Jack"]
[Black "Willow, Jonah B"]
[Result "1-0"]
[Annotator "TA"]
[ECO "D35"]
[WhiteElo "2292"]
[BlackElo "2422"]
[PlyCount "95"]
[EventDate "2024.07.31"]
[EventCountry "GBR"]
[SourceTitle "playchess.com"]
[Source "ChessBase"]
[SourceQuality "1"]
[TimeControl "40/5400+30:1800+30"]

1. d4 Nf6 2. c4 e6 3. Nf3 d5 4. cxd5 exd5 5. Nc3 c6 6. Bg5 h6 7. Bh4 Bf5 8. e3 Nbd7 9. Bd3 Bxd3 10. Qxd3 Bd6 11. O-O O-O 12. Rab1 Re8 13. b4 a6 14. Na4 Qc7 {[%emt 0:07:59] The position is equal.} 15. Nc5 Ne4 16. Bg3 Bxg3 17. hxg3 h5 18. Rfc1 Nf8 (18... g6 $15) 19. a4 Nd6 20. Ne5 Qe7 {[%emt 0:04:28] [#]} 21. b5 $1 cxb5 22. Qb3 b6 23. Ncd3 Nc4 $1 24. axb5 Nd2 25. Qxd5 Nxb1 26. Rxb1 a5 27. Nc6 Qd7 (27... Qe4 $11 28. Qxe4 Rxe4) 28. Nf4 {[%emt 0:00:51] A dynamic duo of knights.} a4 $1 29. Ra1 {[%emt 0:00:56] Strongly threatening Qf3.} a3 $1 30. Qxh5 {[%emt 0:00:38] Nd5 is the strong threat. White has more active pieces.} a2 31. Qe2 ({White should play} 31. Ne5 $16 Qb7 (31... Qxb5 32. Qxf7+ Kh8 33. Nh5 $16) 32. Qe2) 31... Qf5 $11 32. Qb2 {[%emt 0:00:35] Repels Qb1+} Nd7 {[%emt 0:01:37] Prevents Ne5.} (32... g5 $2 33. g4 Qe4 34. Nh5 $18) 33. d5 Nf6 34. Rxa2 Rxa2 (34... Nxd5 $2 35. Rxa8 Rxa8 36. Nxd5 $18) 35. Qxa2 g5 36. Nd4 Qe5 {[%emt 0:01:13][%mdl 1024] Black has compensation.} 37. Nf3 Qf5 (37... Qc3 $11 38. Nxg5 (38. Ne2 Qd3 $17) 38... Qe1+ 39. Kh2 Ng4+ 40. Kh3 Nxf2+ 41. Kh4 Qh1+ (41... Rxe3 $2 {loses.} 42. d6 $18) 42. Ngh3 Nxh3 43. gxh3 Qf3 (43... Rxe3 $2 44. Qa8+ Kg7 45. Nh5+ Kg6 46. Qg8+ Kf5 47. Qxf7+ Ke5 48. Qg7+ Ke4 49. d6 $18)) 38. Nd4 $15 Qc8 39. Nfe2 Qc5 40. Qa7 ({Don't play} 40. Nf5 Qxd5 41. Qb1 Re5 $17) 40... Qb4 41. Qa1 {[%emt 0:32:32] Prevents Qe1+. Threatens to win with Nf5.} Kg7 $2 {[%emt 0:07:16] [#] A mistake that costs the game.} (41... Qd6 $11) 42. g4 $1 $18 Kg6 43. d6 {[%emt 0:00:00] Black must now prevent Ng3.} Re4 $2 (43... Nxg4 44. d7 Rd8) 44. Ng3 {[%emt 0:00:00] White is clearly winning.} Rxg4 45. Ndf5 (45. Nc6 $142 {Ne7+ would kill now.} Qxd6 46. Qb1+ Ne4 47. Nxe4 Rxe4 48. Qxe4+ Kf6 49. Qh7 (49. Qf3+ Kg7 $18)) 45... Rxg3 46. Nxg3 Qxb5 47. Qd1 {[%emt 0:00:00] Prevents Qd3.} Kg7 (47... Kh7 $142 48. Nh5 Nd7) 48. Nh5+ {[%emt 0:00:00] Weighted Error Value: White=0.23 (precise) /Black=0.19 (very precise) .  Loses game:     	---       	Black=1      Mistake:       	White=1     	Black=5      Inaccurate:     	White=2     	Black=5      OK:         	White=18    	Black=13     Best:        	White=3     	Black=1      Strong:       	---       	Black=3} 1-0

[Event "British Championship 2024"]
[Site "Hull"]
[Date "2024.07.31"]
[Round "2.13"]
[White "Shearsby, Jude"]
[Black "Motwani, Paul"]
[Result "1/2-1/2"]
[Annotator "RC"]
[ECO "C55"]
[WhiteElo "2092"]
[BlackElo "2414"]
[PlyCount "49"]
[EventDate "2024.07.31"]
[EventCountry "GBR"]
[SourceTitle "playchess.com"]
[Source "ChessBase"]
[SourceQuality "1"]
[TimeControl "40/5400+30:1800+30"]

1. e4 e5 2. Nf3 Nc6 3. Bc4 Nf6 4. d3 Be7 5. c3 O-O 6. O-O d6 7. h3 Na5 8. Bb5 a6 9. Ba4 b5 10. Bc2 c5 11. d4 Qc7 12. Nbd2 cxd4 13. cxd4 Bd7 14. Re1 Rfe8 15. Nf1 Rac8 16. Ne3 Nc6 17. Bb3 exd4 18. Nxd4 Nxd4 19. Qxd4 Be6 20. Nf5 Bxf5 21. exf5 d5 22. Be3 Bc5 23. Qxc5 Qxc5 24. Bxc5 Rxc5 25. Rxe8+ 1/2-1/2

[Event "British Championship 2024"]
[Site "Hull"]
[Date "2024.07.31"]
[Round "2.14"]
[White "Han, Yichen"]
[Black "Toma, Katarzyna"]
[Result "1/2-1/2"]
[Annotator "TA"]
[ECO "A27"]
[WhiteElo "2414"]
[BlackElo "2220"]
[PlyCount "100"]
[EventDate "2024.07.31"]
[EventCountry "GBR"]
[SourceTitle "playchess.com"]
[Source "ChessBase"]
[SourceQuality "1"]
[TimeControl "40/5400+30:1800+30"]

1. c4 e5 2. Nc3 Nc6 3. Nf3 f5 4. g3 Nf6 5. d4 e4 6. Nh4 {[%emt 0:02:06] A27: English Opening: Three Knights Variation.} d6 7. Ng2 g6 8. Bg5 Bg7 9. e3 Ne7 10. Nf4 h6 11. Bxf6 Bxf6 12. Ncd5 $146 ({Predecessor:} 12. h4 O-O 13. Ncd5 Nxd5 14. cxd5 Qe8 15. Qc2 Bd8 16. Bc4 Kg7 17. O-O-O c6 18. Kb1 {1-0 Cabarkapa,N (2453)-Pezelj,N (2465) SRB-chT Premier 2020 (3.5)}) 12... Nxd5 13. cxd5 (13. Nxd5 c6 14. Nxf6+ Qxf6 $11) 13... Kf7 14. Rc1 Re8 15. h4 Bd7 16. Qb3 Rb8 17. Bb5 Re7 (17... Bxb5 $16 18. Qxb5 Re7) 18. Bxd7 $18 Qxd7 19. Ne6 Qc8 20. Kd2 c6 21. Rc2 g5 $2 (21... a5 $16 22. Nf4 Kg7) 22. Qa3 (22. hxg5 $18 {is the precise move to win.} hxg5 23. Qb4 Rxe6 24. dxe6+ Kxe6 25. Rh7) 22... gxh4 $16 23. gxh4 (23. Qxd6 Rd7 24. Qb4 Qg8 $11) 23... a6 (23... Rxe6 {is a better defense.} 24. dxe6+ Kxe6) 24. Nf4 Qd7 25. Kc1 Ree8 (25... c5 $142 26. dxc5 Qb5) 26. dxc6 $18 bxc6 27. Qxa6 Rec8 28. Qe2 Rg8 29. Qc4+ Ke7 30. Qxc6 Qxc6 31. Rxc6 Kd7 32. Rc2 Rg4 33. Nd5 Bxh4 34. Rc7+ Ke6 35. Nf4+ Rxf4 36. exf4 Bxf2 37. Rxh6+ Kd5 {[%emt 0:00:06] [#]} 38. Rf7 $1 e3 39. Rxf5+ (39. Re7 $18) 39... Ke4 $1 $14 40. Rff6 (40. Ra5 $1 $14) 40... Kd3 $11 41. Re6 (41. Rxd6 e2 42. Rde6 (42. Rh3+ $2 Be3+ 43. Rxe3+ Kxe3 $19) 42... Be3+ (42... e1=Q+ 43. Rxe1 Bxe1 44. Rh3+ Kxd4 45. Rh5 $15) 43. Rxe3+ Kxe3 $19) 41... Rc8+ 42. Kb1 d5 43. Re5 e2 44. Rh1 (44. Rxe2 $15 Kxe2 45. Rd6) 44... Rg8 $17 45. Rg5 (45. Rxd5 $2 Rg1+ (45... e1=Q+ $2 46. Rxe1 Bxe1 47. a4 $19) 46. Rxg1 Bxg1 $19) (45. a4 $17) 45... Rf8 $2 (45... e1=Q+ 46. Rxe1 Rd8 (46... Rxg5 $2 47. fxg5 Bxe1 48. g6 $18) 47. Rd1+ Ke2 48. Rh1 $18) ({But not} 45... Rxg5 $2 46. fxg5 Bxd4 47. a4 $18) ({Black should play} 45... Rd8 $19 46. a4 e1=Q+ (46... e1=B 47. Rg6 $14) (46... e1=R+ $2 47. Rxe1 Bxe1 48. Rh5 $19) 47. Rxe1 Bxe1) 46. Rxd5 $11 Rxf4 (46... e1=Q+ 47. Rxe1 Bxe1 48. f5 $11) (46... Rh8 $5 47. Rc1 $8 e1=Q 48. Rxe1 Bxe1 $11) 47. Rc5 Be3 (47... e1=Q+ $2 48. Rxe1 Bxe1 49. d5 $19) 48. Rc3+ Kd2 (48... Ke4 $5 49. Kc2 $8 Rf1 50. Rh4+ Bf4 $19) 49. Rc2+ Kd3 50. Rc3+ Kd2 (50... Ke4 $5 51. Kc2 $8 Rf1 52. Rh4+ Bf4 $19) 1/2-1/2

[Event "British Championship 2024"]
[Site "Hull"]
[Date "2024.07.31"]
[Round "2.15"]
[White "Sanger, Jake M"]
[Black "Lutsko, Artem"]
[Result "0-1"]
[Annotator "RC"]
[ECO "D55"]
[WhiteElo "2026"]
[BlackElo "2414"]
[PlyCount "104"]
[EventDate "2024.07.31"]
[EventCountry "GBR"]
[SourceTitle "playchess.com"]
[Source "ChessBase"]
[SourceQuality "1"]
[TimeControl "40/5400+30:1800+30"]

1. d4 Nf6 2. c4 e6 3. Nf3 d5 4. Nc3 Be7 5. Bg5 h6 6. Bxf6 Bxf6 7. Rc1 O-O 8. e3 c6 9. Bd3 Nd7 10. O-O dxc4 11. Bxc4 e5 12. Ne4 exd4 13. Nxf6+ Nxf6 14. Qxd4 Qxd4 15. Nxd4 Bd7 16. Rfd1 Rfd8 17. Nf3 Kf8 18. Ne5 Be8 19. Kf1 c5 20. Be2 Rxd1+ 21. Bxd1 Rc8 22. Bf3 b5 23. Ke1 Ke7 24. b3 Kd6 25. Nd3 c4 26. bxc4 Rxc4 27. Rd1 Kc7 28. Kd2 Kb6 29. Rc1 Rxc1 30. Kxc1 Nd7 31. Kd2 a5 32. a3 Nc5 33. Nxc5 Kxc5 34. Bh5 b4 35. axb4+ Kxb4 36. Kc2 Ba4+ 37. Kb2 Bb3 38. h4 a4 39. Bf3 a3+ 40. Ka1 Kc3 41. Bc6 Kd3 42. g4 f6 43. Bf3 Kd2 44. g5 Ke1 45. gxf6 gxf6 46. Bc6 Kxf2 47. e4 Ke3 48. Bd5 Bc2 49. Ka2 Bxe4 50. Bf7 f5 51. Kxa3 f4 52. Kb3 f3 0-1

[Event "British Championship 2024"]
[Site "Hull"]
[Date "2024.07.31"]
[Round "2.16"]
[White "Hebden, Mark L"]
[Black "Saunders, Aron"]
[Result "1-0"]
[Annotator "RC"]
[ECO "D15"]
[WhiteElo "2398"]
[BlackElo "2105"]
[PlyCount "81"]
[EventDate "2024.07.31"]
[EventCountry "GBR"]
[SourceTitle "playchess.com"]
[Source "ChessBase"]
[SourceQuality "1"]
[TimeControl "40/5400+30:1800+30"]

1. d4 d5 2. c4 c6 3. Nf3 Nf6 4. Nc3 dxc4 5. e4 b5 6. Be2 e6 7. O-O a5 8. a4 b4 9. e5 Nd5 10. Ne4 c3 11. bxc3 bxc3 12. Bg5 Qc7 13. Ne1 h6 14. Bh4 Ba6 15. Nc2 Nd7 16. Bxa6 Rxa6 17. Ne3 N7b6 18. Qd3 Ra8 19. Bg3 Bb4 20. Nd6+ Bxd6 21. exd6 Qc8 22. Rfc1 O-O 23. Nd1 Qa6 24. Qxa6 Rxa6 25. Nxc3 Nxc3 26. Rxc3 Nd5 27. Rb3 Nb4 28. Rc1 Rd8 29. h4 h5 30. Rc5 g6 31. Be5 Kf8 32. f3 f6 33. Bxf6 Rxd6 34. Rg5 Kf7 35. Be5 Rd5 36. g4 hxg4 37. fxg4 Nc2 38. Rb7+ Kf8 39. Rxg6 Nxd4 40. Bg7+ Ke8 41. Bxd4 1-0

[Event "British Championship 2024"]
[Site "Hull"]
[Date "2024.07.31"]
[Round "2.17"]
[White "Wells, Peter K"]
[Black "Dicen, Elis Denele"]
[Result "1/2-1/2"]
[Annotator "RC"]
[ECO "D20"]
[WhiteElo "2354"]
[BlackElo "2073"]
[PlyCount "51"]
[EventDate "2024.07.31"]
[EventCountry "GBR"]
[SourceTitle "playchess.com"]
[Source "ChessBase"]
[SourceQuality "1"]
[TimeControl "40/5400+30:1800+30"]

1. d4 d5 2. c4 dxc4 3. e4 e5 4. Nf3 exd4 5. Bxc4 Nc6 6. O-O Be6 7. Bb5 Bc5 8. b4 Bb6 9. a4 a6 10. Bxc6+ bxc6 11. Nbd2 Nf6 12. Ne5 c5 13. a5 Ba7 14. bxc5 Bxc5 15. Qa4+ Bd7 16. Qc4 Qe7 17. Nd3 Bd6 18. e5 Bb5 19. Qxd4 Bxd3 20. exf6 Qxf6 21. Qxd3 Qxa1 22. Qe4+ Kd7 23. Qg4+ Ke8 24. Qe4+ Kd7 25. Qg4+ Ke8 26. Qe4+ 1/2-1/2

[Event "British Championship 2024"]
[Site "Hull"]
[Date "2024.07.31"]
[Round "2.18"]
[White "Derakhshani, Borna"]
[Black "Madhavan, Sanjith"]
[Result "1-0"]
[Annotator "RC"]
[ECO "B12"]
[WhiteElo "2355"]
[BlackElo "1998"]
[PlyCount "63"]
[EventDate "2024.07.31"]
[EventCountry "GBR"]
[SourceTitle "playchess.com"]
[Source "ChessBase"]
[SourceQuality "1"]
[TimeControl "40/5400+30:1800+30"]

1. e4 c6 2. d4 d5 3. e5 Bf5 4. Nf3 e6 5. Be2 Nd7 6. O-O h6 7. c3 Ne7 8. b4 Nc8 9. Na3 b5 10. Nc2 a5 11. bxa5 Bxc2 12. Qxc2 Qxa5 13. Nd2 Qa4 14. Qd3 Ba3 15. f4 g6 16. Nf3 h5 17. Ng5 Ne7 18. Qh3 Rf8 19. Bd3 Ra6 20. Kh1 Qa5 21. Bd2 Qc7 22. Rae1 Rg8 23. Rf3 Bb2 24. Nh7 Rxa2 25. Bb1 Ra1 26. Rff1 Ra3 27. Nf6+ Nxf6 28. exf6 Nf5 29. Bxf5 gxf5 30. Qxf5 Bxc3 31. Qh7 Kf8 32. Rxe6 1-0

[Event "British Championship 2024"]
[Site "Hull"]
[Date "2024.07.31"]
[Round "2.19"]
[White "Merry, Alan B"]
[Black "Rathbone-Jones, Ifan"]
[Result "1-0"]
[Annotator "TA"]
[ECO "E64"]
[WhiteElo "2429"]
[BlackElo "2014"]
[PlyCount "75"]
[EventDate "2024.07.31"]
[EventCountry "GBR"]
[SourceTitle "playchess.com"]
[Source "ChessBase"]
[SourceQuality "1"]
[TimeControl "40/5400+30:1800+30"]

1. d4 Nf6 2. c4 c5 3. d5 d6 4. Nc3 g6 5. g3 Bg7 6. Bg2 Na6 7. Nf3 Nc7 8. O-O a6 9. a4 Rb8 10. a5 b5 11. axb6 Rxb6 12. h3 O-O 13. Qc2 ({Better is} 13. e4 $14) 13... Bd7 (13... Rb4 $11) 14. Ra3 Qc8 15. Kh2 {[%emt 0:00:07] White is slightly better.} Qb7 16. Nd2 Rb8 17. b3 h5 18. Bb2 Qc8 19. e4 e5 20. Ne2 h4 21. gxh4 Nh5 22. f4 Bh6 $2 {[%emt 0:06:12] This move loses the game for Black.} (22... Ne8 $14) 23. fxe5 $18 Bxd2 $2 (23... dxe5 24. Bxe5 Ne8) 24. Qxd2 {[%emt 0:02:22][%cal Oe5e6] [#] And now e6! would win.} Rxb3 25. Rxb3 Rxb3 26. Rf3 Rb4 27. exd6 Ne8 28. Qc3 f6 29. e5 Qb8 30. Ba3 fxe5 31. Bxb4 (31. Qxe5 Rxc4 32. Nf4 Rxf4 33. Rxf4 Nxf4 34. Qxf4 Qxd6 35. Qxd6 Nxd6 36. Bxc5 Nf5 $18) 31... e4 32. Bxc5 exf3 33. Bxf3 Nxd6 34. Qe5 Qb3 35. Bxh5 {[%emt 0:04:54][%cal Oc5d4] White wants to mate with Bd4!} Qxh3+ 36. Kg1 Nf5 {[%emt 0:00:10] Prevents Bd4} 37. Qb8+ Kh7 {[%emt 0:00:31] [#]} 38. Bxg6+ $1 {[%emt 0:02:06] Weighted Error Value: White=0.32/Black=0.82.  Mistake:       	---       	Black=3      OK:         	White=4     	Black=5      Best:        	White=2     	Black=1} 1-0

[Event "British Championship 2024"]
[Site "Hull"]
[Date "2024.07.31"]
[Round "2.20"]
[White "Lentzos, Ioanis"]
[Black "Adams, Michael"]
[Result "0-1"]
[Annotator "TA"]
[ECO "E11"]
[WhiteElo "2119"]
[BlackElo "2670"]
[PlyCount "100"]
[EventDate "2024.07.31"]
[EventCountry "GBR"]
[SourceTitle "playchess.com"]
[Source "ChessBase"]
[SourceQuality "1"]
[TimeControl "40/5400+30:1800+30"]

1. d4 Nf6 2. c4 e6 3. Nf3 Bb4+ 4. Bd2 a5 5. a3 Be7 6. Nc3 d5 7. Bf4 c6 8. e3 {[%emt 0:02:24] White is slightly better.} Nbd7 9. c5 Nh5 10. Bd3 Nxf4 11. exf4 Qc7 12. g3 b6 13. b4 Ba6 14. Bxa6 Rxa6 15. Qe2 Ra7 {[%emt 0:09:40] [#] And now ...axb4 would win.} 16. O-O g6 17. Rfc1 O-O 18. cxb6 Qxb6 19. b5 a4 20. Ng5 (20. Rab1 $11) 20... Bxg5 (20... Qxd4 $2 21. bxc6 Qf6 22. Nb5 $18 (22. cxd7 Rxd7 23. Nxa4 e5 $18)) (20... Rc7 $15 21. bxc6 Qxc6 (21... Qxd4 $2 22. Nxe6 fxe6 23. Nb5 $18) (21... Rxc6 22. Nxd5 exd5 23. Qxe7 $14)) 21. fxg5 $11 c5 22. dxc5 Nxc5 {[%emt 0:00:13] [#] ...Nb3 is the strong threat.} 23. Qe3 {[%emt 0:01:27][%cal Oc3d5] aiming for Nxd5!} Rc8 24. Rab1 Rac7 $1 25. Rd1 Nd7 26. Nxa4 Qxe3 27. fxe3 Ne5 28. Nb6 (28. Rf1 $14 {keeps the upper hand.}) 28... Rb8 $17 {[%emt 0:00:29][%mdl 1024] Black has strong compensation.} 29. Na4 Rc4 $36 {[%emt 0:01:52][%mdl 2048] Keeping White busy.} 30. Nb2 Rc2 {[%emt 0:00:12] Black is more active.} 31. a4 $2 {[%emt 0:00:12][%mdl 8192] This costs White the game.} (31. Nd3 $17 {is the only way for White.} Nf3+ 32. Kf1) 31... Nf3+ $19 32. Kf1 Nxh2+ 33. Kg1 Nf3+ 34. Kf1 Nd2+ (34... Nxg5 35. Rdc1 Rd2 36. Nd1 $11) 35. Ke1 Nxb1 36. Rxb1 {[%emt 0:00:06][%mdl 4096] Endgame. KRR-KRN} Kf8 {[%emt 0:01:18] White must now prevent ...Rc3.} (36... Rg2 37. Nd1) 37. Kd1 $2 (37. Nd3) 37... Rc3 38. Kd2 Rb3 {[%emt 0:00:44] Strongly threatening ...Rc8.} 39. Kc2 Ra3 {[%emt 0:00:19] ...Rc8+ would now be deadly.} (39... Rxe3 40. Nd3 Re4 (40... Rxg3 $2 41. b6 $19) 41. Kb3 $19) 40. Rd1 (40. Kd2 $142 d4 41. e4) 40... Rc8+ {[%emt 0:00:34] Black is clearly winning.} 41. Kb1 Ke7 42. Rd4 Rxe3 43. b6 Rb3 {[%emt 0:03:21] Dodges Rb4} 44. a5 Ra8 (44... Rxg3 45. Rb4 Rb8 (45... Rxg5 $2 46. b7 $18) 46. Na4 Rxg5 47. a6 Rg1+ 48. Ka2 Rg2+ 49. Ka3 Rg3+ 50. Rb3 $18) 45. Kc2 Rb5 (45... Rxg3 46. b7 Rg2+ (46... Rxa5 $2 {perishes.} 47. b8=Q $18) 47. Kc3 $18) 46. Nd3 Raxa5 47. Ne5 Rxb6 48. Rf4 Ra2+ 49. Kc1 Re2 50. Rxf7+ Ke8 {[%emt 0:00:33] Weighted Error Value: White=0.84/Black=0.07 (flawless) .  Loses game:     	White=1     	---        Mistake:       	White=4     	Black=1      Inaccurate:     	White=1     	Black=1      OK:         	White=14    	Black=15     Best:        	White=3     	Black=5      Strong:       	---       	Black=1} 0-1

[Event "British Championship 2024"]
[Site "Hull"]
[Date "2024.07.31"]
[Round "2.21"]
[White "Pert, Richard G"]
[Black "Kanyamarala, Trisha"]
[Result "1-0"]
[Annotator "RC"]
[ECO "E14"]
[WhiteElo "2415"]
[BlackElo "2219"]
[PlyCount "59"]
[EventDate "2024.07.31"]
[EventCountry "GBR"]
[SourceTitle "playchess.com"]
[Source "ChessBase"]
[SourceQuality "1"]
[TimeControl "40/5400+30:1800+30"]

1. d4 Nf6 2. c4 e6 3. Nf3 d5 4. e3 Be7 5. b3 O-O 6. Bd3 c5 7. O-O cxd4 8. exd4 Nc6 9. Bb2 b6 10. Nbd2 Bb7 11. Rc1 Rc8 12. Qe2 Re8 13. Rfd1 Nh5 14. Bb1 g6 15. Nf1 Bf8 16. Qe3 f6 17. Ng3 Ng7 18. Re1 Qd7 19. Qf4 Be7 20. h4 Qd8 21. h5 g5 22. Qd2 Bd6 23. cxd5 exd5 24. Qd3 f5 25. Nxf5 Re4 26. Nxd6 Qxd6 27. Rxe4 Nb4 28. Rxc8+ Bxc8 29. Qc3 dxe4 30. Qxc8+ 1-0

[Event "British Championship 2024"]
[Site "Hull"]
[Date "2024.07.31"]
[Round "2.22"]
[White "Villiers, Thomas"]
[Black "Czopor, Maciej"]
[Result "0-1"]
[Annotator "RC"]
[ECO "B45"]
[WhiteElo "2229"]
[BlackElo "2361"]
[PlyCount "118"]
[EventDate "2024.07.31"]
[EventCountry "GBR"]
[SourceTitle "playchess.com"]
[Source "ChessBase"]
[SourceQuality "1"]
[TimeControl "40/5400+30:1800+30"]

1. e4 c5 2. Nf3 Nc6 3. d4 cxd4 4. Nxd4 Nf6 5. Nc3 e6 6. Nxc6 bxc6 7. Bf4 Bb4 8. Bd3 d6 9. O-O Bxc3 10. bxc3 e5 11. Bg3 O-O 12. Qe2 Nd7 13. Bc4 Qe7 14. Rad1 Nb6 15. f4 Be6 16. Bb3 f6 17. fxe5 dxe5 18. Bf2 Rfd8 19. Qa6 Rdb8 20. Rd2 h6 21. Rfd1 Kh7 22. h3 Bf7 23. a4 Bg6 24. Qe2 a5 25. Rd6 Qc7 26. Kh2 Nd5 27. Bxd5 cxd5 28. R1xd5 Qxc3 29. Rc5 Qb4 30. Rd7 Qxe4 31. Qxe4 Bxe4 32. Rcc7 Rg8 33. Bb6 Ra6 34. Bc5 Rc6 35. Rxc6 Bxc6 36. Ra7 Rd8 37. g4 Bxa4 38. c3 Bc6 39. Rxa5 Rd2+ 40. Kg1 Rd3 41. Kh2 Rxc3 42. Bf2 Rf3 43. Ra2 Rd3 44. Rb2 Bd5 45. Rc2 Kg6 46. Be1 Rd1 47. Re2 Bf3 48. Re3 h5 49. Kg3 hxg4 50. hxg4 Bd5 51. Bf2 Be6 52. Ra3 Rb1 53. Kh4 Rb4 54. Rg3 Kh6 55. Be3+ g5+ 56. Kh3 Rxg4 57. Rxg4 Kh5 58. Kg3 Bxg4 59. Bc5 f5 0-1

[Event "British Championship 2024"]
[Site "Hull"]
[Date "2024.07.31"]
[Round "2.23"]
[White "Sachdeva, Ronit"]
[Black "Hobson, Kenneth"]
[Result "0-1"]
[Annotator "RC"]
[ECO "E04"]
[WhiteElo "1907"]
[BlackElo "2227"]
[PlyCount "132"]
[EventDate "2024.07.31"]
[EventCountry "GBR"]
[SourceTitle "playchess.com"]
[Source "ChessBase"]
[SourceQuality "1"]
[TimeControl "40/5400+30:1800+30"]

1. d4 Nf6 2. c4 e6 3. g3 d5 4. Bg2 dxc4 5. Nf3 Bb4+ 6. Bd2 a5 7. a3 Bxd2+ 8. Nbxd2 b5 9. b3 cxb3 10. Qxb3 c6 11. O-O O-O 12. Qb2 Nbd7 13. Rfc1 Bb7 14. Ne1 Qb6 15. Nd3 Rfc8 16. Nb3 Rc7 17. Rab1 Rd8 18. e3 a4 19. Nbc5 Nxc5 20. Nxc5 Qa7 21. Rc2 Nd5 22. Rbc1 Ba8 23. Nd3 Rdc8 24. Nb4 h6 25. Rc5 Qa5 26. Bxd5 cxd5 27. Nd3 Rxc5 28. Nxc5 Bc6 29. Nd3 Bd7 30. Nc5 Be8 31. Rb1 Qa7 32. Nd3 Qe7 33. Rc1 Rc4 34. Rc3 Qc7 35. Nc5 Qa5 36. Rc1 Kf8 37. Nd3 f6 38. Nc5 Ke7 39. Rb1 Qc3 40. Qe2 Qc2 41. Qxc2 Rxc2 42. Ra1 Bh5 43. h3 Be2 44. Na6 Bc4 45. Nb4 Rd2 46. Rb1 Kd6 47. Rc1 e5 48. dxe5+ fxe5 49. f4 exf4 50. gxf4 Rb2 51. Rc2 Rxc2 52. Nxc2 Bd3 53. Nb4 Be4 54. Kf2 Kc5 55. Ke2 Kc4 56. Kd2 Kb3 57. h4 Kb2 58. Na6 Kxa3 59. Kc3 Ka2 60. Nc7 Kb1 61. Nxb5 Kc1 62. Nd4 g6 63. Ne2+ Kd1 64. Ng3 h5 65. Kb4 Kd2 66. f5 Bxf5 0-1

[Event "British Championship 2024"]
[Site "Hull"]
[Date "2024.07.31"]
[Round "2.24"]
[White "Salmons, Calum"]
[Black "Merriman, John"]
[Result "1-0"]
[Annotator "RC"]
[ECO "D02"]
[WhiteElo "1999"]
[BlackElo "2251"]
[PlyCount "89"]
[EventDate "2024.07.31"]
[EventCountry "GBR"]
[SourceTitle "playchess.com"]
[Source "ChessBase"]
[SourceQuality "1"]
[TimeControl "40/5400+30:1800+30"]

1. d4 e6 2. Bf4 Nf6 3. e3 c5 4. c3 Nc6 5. Nd2 d5 6. Ngf3 Nh5 7. Bg5 Qb6 8. Qb3 h6 9. Bh4 g5 10. Bg3 Nxg3 11. hxg3 Bg7 12. Rc1 Bd7 13. Bd3 c4 14. Qxb6 axb6 15. Bb1 f5 16. a3 b5 17. Rd1 Ke7 18. Ng1 Bf6 19. f3 e5 20. dxe5 Bxe5 21. f4 Bf6 22. Ndf3 Kd6 23. Ne2 Rae8 24. Kf2 Kc5 25. Ned4 Nxd4 26. exd4+ Kd6 27. Rh5 Ref8 28. Rdh1 gxf4 29. gxf4 Bg7 30. Nh4 Rf6 31. Nxf5+ Bxf5 32. Rxf5 Rxf5 33. Bxf5 Rf8 34. g4 Rf7 35. Kf3 Re7 36. g5 hxg5 37. fxg5 Rf7 38. Kg4 Re7 39. Rh7 Rf7 40. g6 Re7 41. Kg5 Bf8 42. Rh8 Bg7 43. Rg8 Rc7 44. Rxg7 Rxg7 45. Kf6 1-0